AoeStats
← CNZS_98T

Arabia

510284766Analyzed
1v1 RM · 1d ago on Sep 30, 2026· 70m 34s· 2 players
Game mode
Random Map
Map size
Tiny (2 player)
Population
200
Speed
Normal
Resources
Standard
Victory
Conquest
Starting age
Dark Age
Ending age
Imperial Age
RankedLock teamsTeams togetherTeam positionsShared explorationLock speedFull tech treeHidden civsTurbo modeCheats
Victory
Defeat
🇦🇺 Romans · Australia
2597
+16
🇳🇱 Lithuanians · Netherlands
2607
-16
Rayzor
8:21 Loom
10:41 Feudal Age
11:25 Double-Bit Axe
11:22 Horse Collar
11:17 Man-at-Arms
13:53 Scale Mail Armor
15:20 Fletching
21:09 Castle Age
19:47 Scale Barding Armor
20:08 Bloodlines
20:18 Gold Mining
21:01 Forging
21:13 Elite Skirmisher
22:33 Bow Saw
23:22 Wheelbarrow
24:19 Heavy Plow
28:25 Husbandry
30:34 Iron Casting
34:59 Imperial Age
32:46 Hand Cart
33:24 Chain Barding Armor
33:10 Pikeman
33:51 Squires
34:54 Town Watch
36:59 Blast Furnace
37:31 Halberdier
41:00 Chain Mail Armor
41:11 Cavalier
43:07 Block Printing
44:48 Plate Barding Armor
51:46 Light Cavalry
53:42 Redemption
53:49 Bodkin Arrow
54:50 Padded Archer Armor
55:55 Ballistics
55:48 Masonry
57:02 Leather Archer Armor
58:38 Ring Archer Armor
58:18 Town Patrol
64:21 Chemistry
63:52 Architecture
63:28 Siege Engineers
65:36 Conscription
65:00 Long Swordsman
66:05 Legionary
68:33 Crop Rotation
68:51 Comitatenses
68:36 Guard Tower
69:55 Keep
CNZS_98T
6:32 Loom
9:11 Feudal Age
10:18 Double-Bit Axe
11:59 Horse Collar
16:38 Wheelbarrow
16:57 Fletching
20:02 Castle Age
18:22 Gold Mining
18:40 Fletching
21:47 Bow Saw
23:09 Scale Barding Armor
24:50 Bloodlines
25:58 Husbandry
28:10 Town Watch
29:01 Chain Barding Armor
31:39 Hand Cart
32:01 Stone Mining
34:20 Devotion
37:07 Imperial Age
35:19 Stone Shaft Mining
34:46 Heavy Plow
35:23 Forging
37:25 Iron Casting
38:51 Chemistry
38:49 Plate Barding Armor
38:33 Masonry
39:00 Bodkin Arrow
39:26 Ballistics
39:41 Elite Leitis
41:35 Conscription
44:11 Padded Archer Armor
45:11 Leather Archer Armor
47:24 Pikeman
49:19 Halberdier
49:59 Squires
50:16 Scale Mail Armor
55:25 Bracer
56:12 Chain Mail Armor
56:07 Elite Skirmisher
56:17 Light Cavalry
57:55 Ring Archer Armor
63:28 Winged Hussar
67:40 Thumb Ring
Connection lost

Rejoining the realm…

Still unreachable

The connection could not be restored.

Session expired

The server has moved on; the page needs a fresh start.